 Dungeon Crawl Stone Soup version 0.27-a0-1525-g1038ab4fd7 (webtiles) character file.

Game seed: 11624184211167497767

25 mandarbmax the Caller (level 3, 0/28 HPs)
             Began as a Tengu Summoner on July 10, 2021.
             Slain by an adder (4 damage)
             ... on level 2 of the Dungeon.
             The game lasted 00:02:24 (1801 turns).

mandarbmax the Caller (Tengu Summoner)              Turns: 1801, Time: 00:02:25

Health: 0/28       AC: 21    Str:  8    XL:     3   Next: 4%
Magic:  5/7        EV:  2    Int: 16    God:
Gold:   65         SH:  0    Dex: 14    Spells: 3/6 levels left

rFire    . . .     SeeInvis .   e - +0 dagger
rCold    . . .     Faith    .   (no shield)
rNeg     + + +     Spirit   .   (armour currently unavailable)
rPois    +         Reflect  .   (helmet currently unavailable)
rElec    .         Harm     .   (cloak currently unavailable)
rCorr    .         Rampage  .   (gloves currently unavailable)
Will     .....     NoTele   +   (boots unavailable)
Stlth    ++........             (no amulet)
HPRegen  0.09/turn              (no ring)
MPRegen  0.10/turn              (no ring)

@: tree-form
A: stationary, stasis, torment immunity, boosted hp, (beak), (talons 3)
a: no special abilities


You were on level 2 of the Dungeon.
You were a tree.
You visited 1 branch of the dungeon, and saw 2 of its levels.

You collected 65 gold pieces.

Inventory:

Hand Weapons
 e - a +0 dagger (weapon)
Armour
 a - a +0 robe (melded)
Scrolls
 b - a scroll of enchant weapon {unknown}
 d - a scroll of identify {unknown}
 f - a scroll of enchant armour {unknown}


   Skills:
 - Level 2.1 Dodging
 - Level 2.0 Stealth
 - Level 2.0 Spellcasting
 + Level 5.9 Summonings


You had 3 spell levels left.
You knew the following spells:

 Your Spells              Type           Power      Damage    Failure   Level
a - Summon Small Mammal   Summ           80%        N/A       1%          1
b - Call Imp              Summ           20%        N/A       2%          2

Your spell library contained the following spells:

 Spells                   Type           Power      Damage    Failure   Level
 Call Canine Familiar     Summ           20%        N/A       5%          3
 Summon Guardian Golem    Hex/Summ       11%        N/A       19%         3
 Summon Lightning Spire   Summ/Air       11%        N/A       52%         4


Dungeon Overview and Level Annotations

Branches:
Dungeon (2/15)

Altars:
Hepliaklqana


Innate Abilities, Weirdness & Mutations

You are a tree.
Your roots penetrate the ground, keeping you stationary.
You cannot be teleported.
You are immune to unholy pain and torment.
Your maximum health is greatly increased.
Your equipment is partially melded.
((You have a beak for a mouth.))
((You have claws for feet.))


Message History

The adder is moderately wounded.
You feel sick. The adder bites you but does no damage.
You barely miss the adder. Your kick misses the adder.
Your peck misses the adder.
The adder is moderately wounded.
You feel sick. The adder misses you.
You are too injured to fight recklessly!
You are too injured to fight recklessly!
You are too injured to fight recklessly!
You are too injured to fight recklessly!
You are too injured to fight recklessly!
You are too injured to fight recklessly!
You are too injured to fight recklessly!
You are too injured to fight recklessly!
You are too injured to fight recklessly!
You are too injured to fight recklessly!
You are too injured to fight recklessly!
You are too injured to fight recklessly!
You are too injured to fight recklessly!
You are too injured to fight recklessly!
You are too injured to fight recklessly!
Casting: Summon Small Mammal (safe; 1% risk of failure)
Confirm with . or Enter, or press ? or * to list all spells.
A shadowy apparition takes form in the air.
You feel sick.
You are no longer poisoned.
The adder bites you.
* * * LOW HITPOINT WARNING * * *
The adder barely misses you.
It was a potion of lignification.
You turn into a tree.
Your +0 robe melds into your body.
Your roots penetrate the ground.
The adder bites you.
* * * LOW HITPOINT WARNING * * *
The bat hits you but does no damage.
You hit the adder.
The adder is heavily wounded.
The bat hits you but does no damage.
The bat hits your shadow imp but does no damage.
The adder bites you.
You die...

####### ......# ......#
......###########
......'..........
......###...##### #####
......###...#######......
......#.........♣S.......
......#.........5b#......
......#.†.........# .....
###'###...........# ....
#.# #...........# ... #.#
#.............. +# #.#
#...........### #.#
############# #.#


You could see an adder (ally target), a bat and a friendly shadow imp
(summoned).

Vanquished Creatures
  A dart slug (D:1)
  2 ball pythons (D:1)
  2 endoplasms (D:1)
  3 giant cockroaches
  2 hobgoblins
  A kobold (D:1)
  2 bats (D:1)
  5 rats
18 creatures vanquished.

Vanquished Creatures (collateral kills)
  2 endoplasms
  A giant cockroach (D:1)
  A goblin (D:1)
  A hobgoblin (D:2)
  A rat (D:1)
6 creatures vanquished.

Grand Total: 24 creatures vanquished

Notes
Turn   | Place    | Note
-------+----------+-------------------------------------------
     0 | D:1      | mandarbmax the Tengu Summoner began the quest for the Orb.
     0 | D:1      | Reached XP level 1. HP: 10/10 MP: 4/4
   153 | D:1      | Found a faded altar of an unknown god.
   156 | D:1      | Reached skill level 5 in Summonings
   520 | D:1      | Reached XP level 2. HP: 12/15 MP: 6/6
  1152 | D:1      | Learned a level 2 spell: Call Imp
  1714 | D:2      | Found a hazy altar of Hepliaklqana.
  1758 | D:2      | Reached XP level 3. HP: 19/19 MP: 7/7
  1801 | D:2      | Slain by an adder

Illustrated notes

Levels and vault maps discovered:
D:1:      dpeg_arrival_round_a, layout_basic, basic_ecumenical_altar
D:2:      layout_basic, basic_altar

Skill      XL: |  1 |
---------------+----+-----
Summonings     | 5 |  5.9
Dodging        | |  2.1
Stealth        | |  2.0
Spellcasting   | |  2.0

Action                   || total
-------------------------++-------
Melee: Unarmed           ||    63
       Kick              ||    20
       Peck              ||    11
       Dagger            ||    17
 Cast: Summon Small Mamm ||    24
       Call Imp          ||     4
  Use: Potion            ||     1
 Stab: Sleeping          ||     8
Armor: Robe              ||    16
       Skin              ||     2
Dodge: Dodged            ||    59

Table legend: (Time is in decaauts)
 A = Elapsed time spent in this place.
 B = Non-inter-level travel time spent in this place.
 C = Inter-level travel time spent in this place.
 D = Time resting spent in this place.
 E = Time spent auto-exploring this place.
 F = Levels seen in this place.
 G = Mean time per level.
                   A        B        C        D        E       F      G
               +--------+--------+--------+--------+--------+-----+--------+
         Total |   1800 |   1798 |      2 |    239 |   1338 |   2 |  900.0 |
       Dungeon |   1800 |   1798 |      2 |    239 |   1338 |   2 |  900.0 |
               +--------+--------+--------+--------+--------+-----+--------+

Top non-repeatable levels by time:
     D:1: 1451 daAuts
     D:2: 348 daAuts
